 Dungeon Crawl Stone Soup version 0.23-a0-577-g2b1de94 (webtiles) character file.

109 zishaf the Chopper (level 4, 0/33 (35) HPs)
             Began as a Demonspawn Gladiator on Dec 14, 2018.
             Was an Initiate of Okawaru.
             Succumbed to poison (dark miasma)
             ... on level 3 of the Dungeon.
             The game lasted 00:05:50 (2242 turns).

zishaf the Chopper (Demonspawn Gladiator)           Turns: 2242, Time: 00:05:50

HP:   0/33 (35)     AC: 10    Str: 16    XL:     4   Next: 59%
MP:   4/4           EV:  5    Int:  9    God:    Okawaru [......]
Gold: 190           SH:  0    Dex: 14    Spells: 3/3 levels left

rFire    . . .     SeeInvis .   a - +0 war axe
rCold    . . .     Gourm    .   (no shield)
rNeg     . . .     Faith    .   t - +0 plate armour
rPois    .         Spirit   .   (helmet restricted)
rElec    .         Reflect  .   (no cloak)
rCorr    .         Harm     .   (no gloves)
MR       .....                  (no boots)
Stlth    ..........             (no amulet)
HPRegen  0.11/turn              (no ring)
MPRegen  0.09/turn              (no ring)

@: lethally poisoned (0 -> -26), slowed, very slow
A: horns 1, talons 1
a: Renounce Religion


You were on level 3 of the Dungeon.
You worshipped Okawaru.
Okawaru was noncommittal.
You were not hungry.

You visited 1 branch of the dungeon, and saw 3 of its levels.

You collected 190 gold pieces.

Inventory:

Hand Weapons
 a - a +0 war axe (weapon)
 b - a +1 hunting sling of freezing
Missiles
 d - 3 throwing nets (quivered)
 l - 59 stones
Armour
 c - a +0 helmet
 o - a +0 ring mail
 s - a +0 chain mail
 t - a +0 plate armour (worn)
Wands
 n - a wand of polymorph (9)
Scrolls
 e - a scroll of teleportation {unknown}
 h - a scroll of fear {unknown}
 j - 2 scrolls of fog {unknown}
 k - 4 scrolls of identify {unknown}
 m - a scroll of remove curse {unknown}
 q - a scroll of magic mapping {unknown}
Potions
 i - a potion of degeneration {unknown}
Comestibles
 f - 7 rations
 g - 3 chunks of flesh


   Skills:
 + Level 3.4 Fighting
 + Level 3.7 Axes
 - Level 2.0 Throwing
 * Level 0.3 Armour
 - Level 3.0 Dodging
 + Level 0.4 Invocations


You had 3 spell levels left.
You didn't know any spells.
Your spell library contained the following spells:

 Spells                   Type           Power        Failure   Level  Hunger
 Animate Skeleton         Necr           N/A          100%        1    ##.....
 Pain                     Necr           #...         100%        1    ##.....
 Sublimation of Blood     Necr           #.........   100%        2    ###....
 Vampiric Draining        Necr           #.........   100%        3    ####...


Dungeon Overview and Level Annotations

Branches:
Dungeon (3/15)

Altars:
Dithmenos
Kikubaaqudgha
Okawaru
Qazlal


Innate Abilities, Weirdness & Mutations

You have a pair of small horns on your head.
You have sharp toenails.


Message History

Okawaru accepts your kill.
You are engulfed in dark miasma.
You are lethally poisoned!
You feel your flesh rotting away!
You feel yourself slow down.
You feel very sick.
You are too injured to fight recklessly!
You are too injured to fight recklessly!
* * * LOW HITPOINT WARNING * * *
You feel very sick.
You slash the orc wizard skeleton! You claw the orc wizard skeleton.
The orc wizard skeleton is severely damaged.
* * * LOW HITPOINT WARNING * * *
You feel very sick.
The orc wizard skeleton barely misses you.
Your plate armour prevents you from hitting the orc wizard skeleton.
You claw the orc wizard skeleton.
Your headbutt misses the orc wizard skeleton.
The orc wizard skeleton is almost destroyed.
You die...

#...##
#................####.
##.## #................#
#. #.#
###................# #.
#.# #........# #. #.#
#.#......##### .... #.#
#............. #### #÷#
#..##...###.
##.#######.###.#.#$# .#
..÷.....##.###..@#.#...#
........##....###Z§!#
...<....##..#.# #†#.#
........#.....# .#. .#
...........###..# #. ..
........#..# .#.# #. ..
........##.# #. . #. ##
.............. ##
#########...#.


You could see an orc wizard skeleton.

Vanquished Creatures
  A bullfrog skeleton (D:3)
  4 adders
  An ooze (D:1)
  2 worms
  2 dart slugs
  2 leopard geckos (D:3)
  A ball python (D:1)
  6 giant cockroaches
  6 goblins
  5 hobgoblins
  11 kobolds
  3 quokkas
  7 bats
  A frilled lizard (D:3)
  A kobold skeleton (D:3)
  3 rats
  A rat skeleton (D:3)
57 creatures vanquished.

Vanquished Creatures (others)
  A rat (D:3)
1 creature vanquished.

Grand Total: 58 creatures vanquished

Notes
Turn   | Place    | Note
-------+----------+-------------------------------------------
     0 | D:1      | zishaf the Demonspawn Gladiator began the quest for the
                  | Orb.
     0 | D:1      | Reached XP level 1. HP: 16/16 MP: 1/1
   347 | D:1      | Gained mutation: You have sharp toenails. [demonic
                  | ancestry]
   347 | D:1      | Reached XP level 2. HP: 22/22 MP: 2/2
   881 | D:2      | Reached XP level 3. HP: 28/28 MP: 3/3
  1100 | D:2      | Found a faded altar of an unknown god.
  1173 | D:2      | Became a worshipper of Kikubaaqudgha
  1173 | D:2      | Reached * piety under Kikubaaqudgha
  1173 | D:2      | Identified Kikubaaqudgha's Almanac of Dark Rituals
                  | (Kikubaaqudgha gifted it to you on level 2 of the Dungeon)
  1173 | D:2      | Received a gift from Kikubaaqudgha
  1185 | D:2      | Fell from the grace of Kikubaaqudgha
  1441 | D:2      | Found an iron altar of Okawaru.
  1457 | D:2      | Became a worshipper of Warmaster Okawaru
  1508 | D:2      | Found a stormy altar of Qazlal.
  1596 | D:3      | HP: 1/27 [poison (dark miasma)]
  1813 | D:3      | Gained mutation: You have a pair of small horns on your
                  | head. [demonic ancestry]
  1813 | D:3      | Reached XP level 4. HP: 16/34 MP: 4/4
  2126 | D:3      | Found a shadowy altar of Dithmenos.
  2242 | D:3      | Succumbed to poison (dark miasma)

Vault maps used:
D:1:      lemuel_arrival_tunnels
D:2:      grunt_qazlal_clouds, nicolae_overflow_crystal_walls, first_ration,
          chequers_ecumenical_altar_twisty
D:3:      lemuel_coloured_pillars_altar, minmay_starry_boxes

Skill      XL: |  1  2  3 |
---------------+----------+-----
Throwing       | 2 |  2.0
Axes           | 3 |  3.7
Dodging        | 3 |  3.0
Fighting       | 3 |  3.4
Armour         | |  0.3
Invocations    | |  0.4

Action                   |  1- 3 |  4- 6 || total
-------------------------+-------+-------++-------
Melee: War axe           |    68 |    38 ||   106
       Kick              |    16 |    14 ||    30
       Headbutt          |       |     5 ||     5
 Fire: Hunting sling     |    36 |     9 ||    45
Invok: Renounce Religion |     1 |       ||     1
  Use: Potion            |     7 |       ||     7
  Eat: Chunk             |     3 |     1 ||     4
Armor: Leather armour    |     6 |       ||     6
       Plate armour      |    55 |    54 ||   109
       Ring mail         |     3 |       ||     3
Dodge: Dodged            |    56 |    23 ||    79

Table legend:
 A = Non-vault XP
 B = Vault XP
 C = Vault XP percentage of total XP
 D = Non-vault monster count
 E = Vault monster count
 F = Vault count percentage of total count
                 A         B        C        D         E       F
            +---------+---------+-------+---------+---------+-------
      Total |     135 |      21 |  13.5 |      49 |       5 |   9.3
            +---------+---------+-------+---------+---------+-------
        D:1 |      29 |       0 |   0.0 |      13 |       0 |   0.0
        D:2 |      44 |       0 |   0.0 |      16 |       0 |   0.0
        D:3 |      62 |      21 |  25.3 |      20 |       5 |  20.0
            +---------+---------+-------+---------+---------+-------
